[ AOE2 MATCH · #513593586 ]
UnrankedMaya vs Mongols
Player's team · WIN
Rival team · LOSS
[ REPLAY ANALYSIS · EXTRACTED FROM THE RECORDED GAME ]
Feudal
8:58
Castle
22:23
Imperial
38:13
| APM avg | 73.3 |
| APM peak | 112 |
| eAPM avg | 35.7 |
| Villagers / military | 115 / 121 |
Focus
⚔️ 43.7% · 🌾 56.3%
Archer ×108 · Eagle Scout ×6 · Monk ×5 · Mangonel ×1 · Trebuchet (Packed) ×1
Feudal
8:00
Castle
23:30
Imperial
—
| APM avg | 58.4 |
| APM peak | 107 |
| eAPM avg | 31.4 |
| Villagers / military | 150 / 88 |
Focus
⚔️ 49.4% · 🌾 50.6%
Knight ×58 · Skirmisher ×9 · Scout Cavalry ×9 · Mangonel ×7 · Monk ×4 · Spearman ×1
Match map
Initial resources + every placement click. Lines = walls · curves = elevation contours. ◆ gold · ⬟ stone · ● berries · ✦ relic · ◌ wall gap
Your base· Open — 4t gap
OJP's base· Open — unwalled flank
Smoothed initial terrain · ◌ = detected wall gap · hover for details
Inputs per minute
— sansarr_ - - OJP
Build order — sansarr_
First 150 of 387 actions detected
| 0:00 | Research | Loom |
| 0:01 | Build | House |
| 0:02 | Build | House |
| 0:04 | queue | Villager (Male) |
| 0:05 | queue | Villager (Male) |
| 0:14 | queue | Villager (Male) |
| 1:24 | queue | Villager (Male) |
| 1:25 | queue | Villager (Male) |
| 1:55 | queue | Villager (Male) |
| 2:31 | Build | Lumber Camp |
| 2:38 | queue | Villager (Male) |
| 2:38 | queue | Villager (Male) |
| 2:49 | queue | Villager (Male) |
| 2:49 | queue | Villager (Male) |
| 3:08 | queue | Villager (Male) |
| 3:22 | queue | Villager (Male) |
| 3:22 | queue | Villager (Male) |
| 3:46 | Build | House |
| 4:02 | Build | House |
| 4:11 | queue | Villager (Male) |
| 4:11 | queue | Villager (Male) |
| 4:39 | queue | Villager (Male) |
| 4:45 | queue | Villager (Male) |
| 4:51 | queue | Villager (Male) |
| 5:50 | queue | Villager (Male) |
| 5:56 | Build | Mining Camp |
| 6:04 | queue | Villager (Male) |
| 6:41 | Research | Feudal Age |
| 7:20 | queue | Villager (Male) |
| 7:24 | Build | Barracks |
| 8:13 | queue | Villager (Male) |
| 8:16 | Build | Palisade Wall |
| 8:16 | Build | Palisade Wall |
| 8:18 | Build | Palisade Wall |
| 8:19 | Build | Palisade Wall |
| 8:19 | Build | Palisade Wall |
| 8:24 | Build | Palisade Wall |
| 8:41 | Build | Palisade Wall |
| 8:44 | Build | Palisade Wall |
| 8:45 | Build | Palisade Wall |
| 8:49 | Build | Palisade Wall |
| 8:49 | Build | Palisade Wall |
| 8:50 | Build | Palisade Wall |
| 8:50 | Build | Palisade Wall |
| 8:51 | Build | Palisade Wall |
| 8:51 | Build | Palisade Wall |
| 8:58 | Age | Feudal Age |
| 9:02 | Build | Archery Range |
| 9:04 | Research | Double-Bit Axe |
| 9:19 | Build | House |
| 9:24 | queue | Villager (Male) |
| 9:31 | Build | Palisade Wall |
| 9:31 | Build | Palisade Wall |
| 9:41 | Build | Blacksmith |
| 9:52 | queue | Villager (Male) |
| 9:59 | queue | Archer |
| 10:01 | queue | Archer |
| 10:15 | Build | Palisade Wall |
| 10:22 | queue | Villager (Male) |
| 10:30 | Build | House |
| 10:37 | queue | Archer |
| 10:41 | Build | House |
| 10:46 | Research | Fletching |
| 10:46 | Research | Fletching |
| 10:53 | queue | Villager (Male) |
| 11:05 | Build | Mill |
| 11:10 | queue | Archer |
| 11:22 | queue | Archer |
| 11:22 | queue | Archer |
| 11:52 | queue | Villager (Male) |
| 11:53 | queue | Villager (Male) |
| 11:57 | Build | Lumber Camp |
| 11:59 | queue | Archer |
| 11:59 | queue | Archer |
| 12:23 | queue | Villager (Male) |
| 12:23 | queue | Villager (Male) |
| 12:34 | Build | House |
| 12:35 | Build | Palisade Wall |
| 12:37 | Build | Palisade Wall |
| 12:38 | Build | Palisade Wall |
| 12:42 | queue | Archer |
| 12:53 | Build | Palisade Wall |
| 12:56 | Build | Palisade Wall |
| 13:11 | queue | Villager (Male) |
| 13:11 | queue | Villager (Male) |
| 13:16 | Build | Farm |
| 13:38 | queue | Villager (Male) |
| 13:43 | Build | Farm |
| 13:55 | Build | House |
| 13:58 | queue | Archer |
| 14:01 | queue | Villager (Male) |
| 14:20 | queue | Villager (Male) |
| 14:20 | queue | Villager (Male) |
| 14:28 | queue | Eagle Scout |
| 14:28 | queue | Eagle Scout |
| 14:33 | Build | Farm |
| 14:36 | Build | Farm |
| 14:37 | Build | Farm |
| 14:42 | Build | Farm |
| 14:45 | Build | House |
| 15:04 | queue | Villager (Male) |
| 15:15 | Build | Farm |
| 15:16 | queue | Villager (Male) |
| 15:29 | queue | Villager (Male) |
| 15:35 | Research | Scale Mail Armor |
| 16:28 | queue | Villager (Male) |
| 16:28 | queue | Villager (Male) |
| 16:30 | queue | Archer |
| 16:48 | queue | Villager (Male) |
| 16:48 | queue | Villager (Male) |
| 17:03 | Build | Farm |
| 17:05 | Build | Farm |
| 17:06 | Build | Farm |
| 17:06 | Build | Farm |
| 17:08 | Build | Farm |
| 17:09 | Build | Farm |
| 17:10 | Build | Farm |
| 17:20 | queue | Archer |
| 17:21 | queue | Villager (Male) |
| 17:22 | Build | Market |
| 17:32 | Build | Mining Camp |
| 17:55 | queue | Eagle Scout |
| 17:56 | queue | Eagle Scout |
| 18:15 | Build | Watch Tower |
| 18:39 | Build | Farm |
| 18:40 | queue | Villager (Male) |
| 18:54 | Build | Palisade Wall |
| 19:02 | queue | Villager (Male) |
| 19:04 | Build | Archery Range |
| 19:06 | Build | House |
| 19:08 | Build | House |
| 19:39 | queue | Villager (Male) |
| 19:43 | Research | Castle Age |
| 19:43 | Research | Castle Age |
| 19:51 | Build | House |
| 19:57 | queue | Archer |
| 19:57 | queue | Archer |
| 20:19 | Build | Lumber Camp |
| 20:19 | queue | Archer |
| 20:32 | queue | Archer |
| 20:33 | queue | Archer |
| 20:38 | queue | Archer |
| 20:38 | queue | Archer |
| 20:51 | Build | Lumber Camp |
| 21:02 | Research | Padded Archer Armor |
| 21:02 | Research | Padded Archer Armor |
| 21:03 | Research | Padded Archer Armor |
| 21:04 | queue | Villager (Male) |
| 21:04 | queue | Villager (Male) |
| 21:24 | queue | Archer |
Build order — OJP
First 150 of 404 actions detected
| 0:00 | queue | Villager (Male) |
| 0:01 | Build | House |
| 0:02 | Build | House |
| 0:07 | queue | Villager (Male) |
| 0:07 | queue | Villager (Male) |
| 0:07 | queue | Villager (Male) |
| 1:33 | queue | Villager (Male) |
| 1:56 | Build | Lumber Camp |
| 2:00 | queue | Villager (Male) |
| 2:02 | queue | Villager (Male) |
| 2:24 | queue | Villager (Male) |
| 2:55 | queue | Villager (Male) |
| 3:19 | queue | Villager (Male) |
| 3:31 | queue | Villager (Male) |
| 3:45 | Build | House |
| 3:51 | queue | Villager (Male) |
| 4:23 | Build | Mill |
| 4:26 | queue | Villager (Male) |
| 4:39 | Research | Loom |
| 5:48 | Research | Feudal Age |
| 6:25 | Build | House |
| 6:28 | Build | House |
| 6:34 | queue | Villager (Male) |
| 7:03 | Build | Barracks |
| 7:20 | queue | Villager (Male) |
| 7:43 | queue | Villager (Male) |
| 8:00 | Age | Feudal Age |
| 8:02 | Build | Stable |
| 8:10 | Research | Double-Bit Axe |
| 8:12 | queue | Villager (Male) |
| 8:15 | queue | Spearman |
| 8:31 | Build | House |
| 8:34 | Build | Palisade Wall |
| 8:34 | Build | Palisade Wall |
| 8:41 | queue | Scout Cavalry |
| 8:43 | Build | House |
| 8:50 | Build | Farm |
| 9:04 | Build | Farm |
| 9:14 | queue | Scout Cavalry |
| 9:19 | Build | House |
| 9:22 | queue | Villager (Male) |
| 9:39 | Build | Watch Tower |
| 9:41 | queue | Villager (Male) |
| 9:49 | queue | Villager (Male) |
| 10:19 | queue | Scout Cavalry |
| 10:21 | Build | House |
| 10:31 | Build | Archery Range |
| 10:39 | Build | Stone Wall |
| 10:39 | Build | Stone Wall |
| 10:40 | Build | Stone Wall |
| 10:40 | Build | Stone Wall |
| 10:41 | Build | Stone Wall |
| 10:43 | queue | Villager (Male) |
| 10:46 | Build | Mining Camp |
| 11:03 | queue | Villager (Male) |
| 11:17 | queue | Villager (Male) |
| 11:20 | Build | House |
| 11:28 | queue | Skirmisher |
| 11:29 | Build | Farm |
| 11:41 | Build | House |
| 11:49 | queue | Villager (Male) |
| 11:51 | queue | Skirmisher |
| 11:59 | queue | Villager (Male) |
| 11:59 | Build | Blacksmith |
| 12:20 | queue | Skirmisher |
| 12:36 | Build | Palisade Wall |
| 12:38 | Research | Town Watch |
| 12:42 | queue | Skirmisher |
| 13:05 | queue | Villager (Male) |
| 13:19 | Build | House |
| 13:22 | queue | Skirmisher |
| 13:27 | queue | Villager (Male) |
| 13:37 | Research | Padded Archer Armor |
| 13:56 | Build | Farm |
| 13:57 | Build | Farm |
| 13:58 | queue | Villager (Male) |
| 14:10 | Build | Palisade Wall |
| 14:15 | Build | Palisade Wall |
| 14:16 | Build | Palisade Wall |
| 14:20 | queue | Villager (Male) |
| 14:29 | Build | Farm |
| 14:39 | Research | Fletching |
| 14:39 | Research | Fletching |
| 14:44 | Build | Farm |
| 14:47 | queue | Villager (Male) |
| 14:48 | queue | Villager (Male) |
| 14:56 | Build | Farm |
| 14:58 | Build | Market |
| 15:09 | queue | Villager (Male) |
| 15:21 | queue | Scout Cavalry |
| 15:35 | queue | Villager (Male) |
| 15:55 | queue | Villager (Male) |
| 16:13 | queue | Skirmisher |
| 16:14 | queue | Scout Cavalry |
| 16:24 | queue | Scout Cavalry |
| 16:35 | queue | Skirmisher |
| 17:02 | queue | Villager (Male) |
| 17:03 | Build | Farm |
| 17:03 | Build | Farm |
| 17:04 | queue | Villager (Male) |
| 17:05 | Build | Farm |
| 17:07 | Build | Farm |
| 17:08 | queue | Villager (Male) |
| 17:11 | Build | Farm |
| 17:14 | Build | House |
| 17:20 | Build | Archery Range |
| 17:22 | queue | Skirmisher |
| 17:23 | queue | Villager (Male) |
| 17:25 | Build | Farm |
| 17:25 | Build | Farm |
| 17:37 | queue | Scout Cavalry |
| 17:40 | Build | Farm |
| 17:45 | queue | Villager (Male) |
| 17:49 | Build | Watch Tower |
| 17:57 | queue | Scout Cavalry |
| 18:14 | queue | Skirmisher |
| 18:20 | queue | Villager (Male) |
| 18:35 | Build | House |
| 18:37 | Build | Farm |
| 18:40 | queue | Villager (Male) |
| 18:54 | Build | Watch Tower |
| 19:01 | queue | Villager (Male) |
| 19:02 | Build | Farm |
| 19:14 | Build | Watch Tower |
| 19:17 | Build | Watch Tower |
| 19:32 | queue | Villager (Male) |
| 19:33 | Build | Mining Camp |
| 19:58 | queue | Villager (Male) |
| 20:00 | Build | Farm |
| 20:14 | queue | Villager (Male) |
| 20:21 | Build | Lumber Camp |
| 20:37 | Research | Castle Age |
| 20:47 | Build | Stone Wall |
| 20:47 | Build | Stone Wall |
| 20:48 | Build | Stone Wall |
| 20:49 | Build | Stone Wall |
| 20:49 | Build | Stone Wall |
| 20:49 | Build | Stone Wall |
| 21:07 | queue | Scout Cavalry |
| 21:15 | Build | Palisade Wall |
| 21:16 | Build | Palisade Wall |
| 21:18 | Build | Palisade Wall |
| 21:25 | Research | Scale Barding Armor |
| 21:25 | Research | Scale Barding Armor |
| 21:52 | Research | Bloodlines |
| 21:52 | Research | Bloodlines |
| 21:54 | Build | Farm |
| 22:07 | Build | Stable |
| 22:19 | Research | Horse Collar |
| 22:22 | Build | Outpost |
Match timeline
| 7:03 | OJP · first_building Barracks |
| 7:24 | sansarr_ · first_building Barracks |
| 8:00 | OJP · age_up feudal |
| 8:02 | OJP · first_building Stable |
| 8:16 | sansarr_ · wall_segment Palisade Wall x1 |
| 8:16 | sansarr_ · wall_segment Palisade Wall x1 |
| 8:18 | sansarr_ · wall_segment Palisade Wall x1 |
| 8:19 | sansarr_ · wall_segment Palisade Wall x1 |
| 8:19 | sansarr_ · wall_segment Palisade Wall x1 |
| 8:24 | sansarr_ · wall_segment Palisade Wall x3 |
| 8:34 | OJP · wall_segment Palisade Wall x1 |
| 8:34 | OJP · wall_segment Palisade Wall x1 |
| 8:41 | sansarr_ · wall_segment Palisade Wall x1 |
| 8:44 | sansarr_ · wall_segment Palisade Wall x2 |
| 8:45 | sansarr_ · wall_segment Palisade Wall x1 |
| 8:49 | sansarr_ · wall_segment Palisade Wall x1 |
| 8:49 | sansarr_ · wall_segment Palisade Wall x1 |
| 8:50 | sansarr_ · wall_segment Palisade Wall x1 |
| 8:50 | sansarr_ · wall_segment Palisade Wall x1 |
| 8:51 | sansarr_ · wall_segment Palisade Wall x1 |
| 8:51 | sansarr_ · wall_segment Palisade Wall x1 |
| 8:58 | sansarr_ · age_up feudal |
| 9:02 | sansarr_ · first_building Archery Range |
| 9:31 | sansarr_ · wall_segment Palisade Wall x4 |
| 9:31 | sansarr_ · wall_segment Palisade Wall x1 |
| 10:15 | sansarr_ · wall_segment Palisade Wall x1 |
| 10:31 | OJP · first_building Archery Range |
| 10:39 | OJP · wall_segment Stone Wall x1 |
| 10:39 | OJP · wall_segment Stone Wall x1 |
| 10:40 | OJP · wall_segment Stone Wall x1 |
| 10:40 | OJP · wall_segment Stone Wall x1 |
| 10:41 | OJP · wall_segment Stone Wall x1 |
| 12:35 | sansarr_ · wall_segment Palisade Wall x4 |
| 12:36 | OJP · wall_segment Palisade Wall x10 |
| 12:37 | sansarr_ · wall_segment Palisade Wall x3 |
| 12:38 | sansarr_ · wall_segment Palisade Wall x8 |
| 12:53 | sansarr_ · wall_segment Palisade Wall x2 |
| 12:56 | sansarr_ · wall_segment Palisade Wall x3 |
| 14:10 | OJP · wall_segment Palisade Wall x10 |
| 14:15 | OJP · wall_segment Palisade Wall x1 |
| 14:16 | OJP · wall_segment Palisade Wall x1 |
| 18:54 | sansarr_ · wall_segment Palisade Wall x1 |
| 19:41 | sansarr_ · first_market_buy 100 food |
| 19:42 | sansarr_ · first_market_sell 100 wood |
| 19:52 | OJP · first_market_sell 100 stone |
| 19:53 | OJP · first_market_buy 100 food |
| 20:47 | OJP · wall_segment Stone Wall x1 |
| 20:47 | OJP · wall_segment Stone Wall x1 |
| 20:48 | OJP · wall_segment Stone Wall x1 |
| 20:49 | OJP · wall_segment Stone Wall x1 |
| 20:49 | OJP · wall_segment Stone Wall x1 |
| 20:49 | OJP · wall_segment Stone Wall x1 |
| 21:15 | OJP · wall_segment Palisade Wall x1 |
| 21:16 | OJP · wall_segment Palisade Wall x1 |
| 21:18 | OJP · wall_segment Palisade Wall x15 |
| 22:23 | sansarr_ · age_up castle |
| 23:30 | OJP · age_up castle |
| 23:42 | OJP · wall_segment Palisade Wall x3 |
| 25:29 | OJP · wall_segment Palisade Wall x1 |
| 25:52 | OJP · first_building Monastery |
| 26:01 | OJP · wall_segment Palisade Wall x1 |
| 26:02 | sansarr_ · first_building Monastery |
| 26:09 | OJP · wall_segment Palisade Wall x1 |
| 26:17 | sansarr_ · wall_segment Palisade Wall x3 |
| 26:56 | sansarr_ · wall_segment Palisade Wall x1 |
| 27:01 | sansarr_ · wall_segment Palisade Wall x2 |
| 27:05 | sansarr_ · wall_segment Palisade Wall x4 |
| 28:55 | OJP · first_building Siege Workshop |
| 35:12 | sansarr_ · first_building Siege Workshop |
| 37:44 | OJP · first_building Castle |
| 38:12 | sansarr_ · wall_segment Palisade Wall x1 |
| 38:13 | sansarr_ · age_up imperial |
| 38:24 | sansarr_ · first_building Castle |
| 41:08 | OJP · resign |
[ AI ANALYSIS · 1 CREDIT ]
What really happened in this match?
Wolo.gg analyzes every decision: build order, eco, micro, common mistakes by bracket. Personalized analysis on WhatsApp or Discord in 30 seconds.
Civ guide
Maya
Perfil
Jugador #6758959